 Dungeon Crawl Stone Soup version 0.29-a0-923-g6e406bff71 (webtiles) character file.

Game seed: 10418293048215702714

4305 mathmaestro the Purveyor of Pain (level 10, -38/77 HPs)
             Began as a Demonspawn Necromancer on July 27, 2022.
             Was an Initiate of Kikubaaqudgha.
             Annihilated by a quicksilver dragon simulacrum (48 damage)
             ... on level 1 of the Abyss.
             The game lasted 00:28:12 (7783 turns).

mathmaestro the Purveyor of Pain (DsNe)             Turns: 7783, Time: 00:28:15

Health: -38/77     AC: 17    Str:  8    XL:     10   Next: 11%
Magic:  20/20      EV: 29    Int: 21    God:    Kikubaaqudgha [......]
Gold:   109        SH:  0    Dex: 14    Spells: 2/22 levels left

rFire   . . .      SeeInvis .   a - +6 sling of Cowardice {flame, +Blink Fly rC- Stlth+}
rCold   x . .      Faith    .   (no shield)
rNeg    . . .      Spirit   .   E - +2 swamp dragon scales
rPois   +          Reflect  .   (helmet restricted)
rElec   .          Harm     .   t - +2 cloak
rCorr   .          Rampage  .   e - +0 pair of gloves
Will    .....                   (no boots)
Stlth   ++........              F - amulet of the acrobat
HPRegen 0.22/turn               n - +4 ring of evasion
MPRegen 0.34/turn               s - ring of flight

@: about to teleport, acrobatic, flying
A: antennae 2, yellow scales 1, magic regeneration
a: Renounce Religion, Evoke Blink


You were on level 1 of the Abyss.
You worshipped Kikubaaqudgha.
Kikubaaqudgha was noncommittal.
You visited 2 branches of the dungeon, and saw 10 of its levels.
You visited the Abyss 1 time.

You collected 483 gold pieces.
You spent 374 gold pieces at shops.

Inventory:

Hand Weapons
 a - the +6 sling of Cowardice (weapon) {flame, +Blink Fly rC- Stlth+}
   (You found it on level 3 of the Dungeon)

   Any ammunition fired from it burns those it strikes, dealing additional fire
   damage.
   rC:        It makes you vulnerable to cold.
   Fly:       It grants you flight.
   +Blink:    It lets you blink.
   Stlth:     It makes you more stealthy.
 c - a +0 hand axe
 D - a +2 dagger of speed
Missiles
 d - 5 boomerangs
 h - 5 javelins
Armour
 e - a +0 pair of gloves (worn)
 t - a +2 cloak (worn)
 E - +2 swamp dragon scales (worn)
Jewellery
 n - a +4 ring of evasion (left hand)
 s - a ring of flight (right hand)
 w - an amulet of regeneration
 F - an amulet of the acrobat (around neck)
Wands
 o - a wand of flame (21)
 q - a wand of quicksilver (6)
 u - a wand of paralysis (6)
 y - a wand of polymorph (3)
 z - a wand of roots (10)
 C - a wand of digging (4)
Scrolls
 f - a scroll of blinking
 p - 3 scrolls of teleportation
 r - 2 scrolls of enchant weapon
 x - a scroll of identify
Potions
 b - a potion of magic
 g - 2 potions of ambrosia
 j - a potion of brilliance
 k - a potion of heal wounds
 l - a potion of mutation {unknown}
 m - 3 potions of cancellation
 v - a potion of haste {unknown}
 A - a potion of might {unknown}
 B - 2 potions of lignification {unknown}


   Skills:
 + Level 6.8 Fighting
 + Level 5.5 Armour
 - Level 2.0 Dodging
 - Level 2.0 Stealth
 + Level 6.6 Spellcasting
 + Level 8.8 Necromancy
 - Level 5.0 Air Magic


You had 2 spell levels left.
You knew the following spells:

 Your Spells              Type           Power      Damage    Failure   Level
a - Necrotise             Necr           100%       1d9       1%          1
b - Vampiric Draining     Necr           44%        2d9       1%          3
c - Animate Dead          Necr           44%        N/A       6%          4
d - Swiftness             Air            28%        N/A       10%         3
e - Agony                 Necr           44%        N/A       19%         5
f - Dispel Undead         Necr           44%        3d17      6%          4

Your spell library contained the following spells:

 Spells                   Type           Power      Damage    Failure   Level
 Sandblast                Erth           14%        2d6       24%         1
 Slow                     Hex            28%        N/A       24%         1
 Ensorcelled Hibernation  Hex/Ice        14%        N/A       36%         2
 Passwall                 Tmut/Erth      5%         N/A       36%         2
 Corpse Rot               Necr/Pois/Air  26%        N/A       36%         4
 Confusing Touch          Hex            7%         N/A       58%         3
 Stone Arrow              Conj/Erth      14%        3d7       58%         3
 Death Channel            Necr           22%        N/A       69%         6


Dungeon Overview and Level Annotations

Branches:
Dungeon (9/15)             Temple (1/1) D:7
   Lair: D:8-11         Orc: D:9-12

Altars:
Ashenzari
Cheibriados
Fedhas
Gozag
Hepliaklqana
Kikubaaqudgha
Makhleb
Nemelex Xobeh
Okawaru
Qazlal
Ru
Sif Muna
Trog
Uskayaw
Vehumet
Wu Jian
Xom
Yredelemnul

Shops:
D:1 :


Innate Abilities, Weirdness & Mutations

You have a pair of antennae on your head.
You are partially covered in yellow scales. (AC +2)
You regenerate magic rapidly.


Message History

You feel strangely unstable.
You feel the power of the Abyss delaying your translocation!
The orb spider disappears in a puff of smoke!
The worldbinder completely misses you.
The worldbinder hits you but does no damage.
Something hits you but does no damage. Something bites you!
* * * LOW HITPOINT WARNING * * *
Something draws strength from your injuries!
The wolf spider hits you but does no damage.
The wolf spider barely misses you. The worldbinder hits you.
* * * LOW HITPOINT WARNING * * *
The worldbinder closely misses you.
The wolf spider attacks as you move away!
The wolf spider barely misses you.
The wolf spider bites you but does no damage.
Something hits you but does no damage. Something bites you but does no damage.
The wolf spider closely misses you. The wolf spider misses you.
The wolf spider attacks as you move away!
The wolf spider closely misses you.
The wolf spider bites you but does no damage.
A quicksilver dragon simulacrum comes into view.
The wolf spider attacks as you move away!
The wolf spider closely misses you. The wolf spider bites you.
* * * LOW HITPOINT WARNING * * *
A hog comes into view.
The wolf spider misses you. The wolf spider completely misses you.
The hog changes into an ogre!
The ogre shouts!
The wolf spider completely misses you. The wolf spider closely misses you.
The wolf spider disappears in a puff of smoke!
The ogre completely misses you.
The quicksilver dragon simulacrum attacks as you move away!
The quicksilver dragon simulacrum misses you.
The quicksilver dragon simulacrum claws you.
* * * LOW HITPOINT WARNING * * *
The quicksilver dragon simulacrum freezes you!!!
You feel a terrible chill!
Ouch! That really hurt!
You die...
Kikubaaqudgha rasps: "You have failed me!
Welcome... death!"

. ##...###...###...
..#.....#.....#....
...................
.........X........
........x.........
.#.....#.....#{ .
##..{###{..## ..#
#.....#..sZ.#.....
......xxs...@.......
...........O........
....................
. #.....#.....#.....
.# #...###...###...#
.... ..... .... ..
...... ... .......
..


You could see 2 wolf spiders, a large abomination, 2 worldbinders, an ogre
shaped shifter, a small abomination and a quicksilver dragon simulacrum.

Vanquished Creatures
  Pikel (D:6)
  Maggie (D:7)
  A hornet (D:9)
  6 yaks (D:7)
  A steam dragon (D:8)
  A sky beast (D:7)
  3 ice beasts
  2 black bears
  2 ogres
  2 centaurs
  A phantom (D:4)
  2 kobold brigands
  3 lemures (D:6)
  2 bullfrogs
  2 necrophages (D:6)
  2 scorpions
  3 howler monkeys
  An orc priest (D:4)
  A hound (D:7)
  Crazy Yiuf (D:7)
  5 iguanas
  9 orc wizards
  2 gnolls
  6 adders
  A shadow imp (D:7)
  A white imp (D:7)
  An ufetubus (D:4)
  2 worms (D:3)
  2 dart slugs
  25 orcs
  6 ball pythons
  A bat (D:1)
  10 endoplasms
  2 giant cockroaches (D:3)
  8 goblins
  5 hobgoblins
  4 jackals (D:4)
  8 kobolds
  5 quokkas
  2 frilled lizards
  6 rats
149 creatures vanquished.

Vanquished Creatures (collateral kills)
  A phantom (D:3)
  Jessica (D:3)
  A ball python (D:3)
  2 goblins
5 creatures vanquished.

Vanquished Creatures (others)
  A lurking horror (Abyss:1)
1 creature vanquished.

Grand Total: 155 creatures vanquished

Notes
Turn   | Place    | Note
-------+----------+-------------------------------------------
     0 | D:1      | mathmaestro the Demonspawn Necromancer began the quest for
                  | the Orb.
     0 | D:1      | Reached XP level 1. HP: 13/13 MP: 3/3
   249 | D:1      | Gained mutation: You have a pair of small antennae on your
                  | head. [demonic ancestry]
   249 | D:1      | Reached XP level 2. HP: 12/20 MP: 0/5
   443 | D:1      | Found a faded altar of an unknown god.
   461 | D:1      | Found Pofalit's Book Emporium.
   966 | D:2      | Reached skill level 1 in Fighting
  1043 | D:2      | Gained mutation: You regenerate magic rapidly. [demonic
                  | ancestry]
  1043 | D:2      | Reached XP level 3. HP: 26/26 MP: 3/6
  1052 | D:2      | Learned a level 3 spell: Vampiric Draining
  1574 | D:3      | Reached skill level 5 in Necromancy
  1583 | D:3      | Noticed a phantom
  1643 | D:3      | Noticed Jessica
  1651 | D:3      | Killed Jessica
  1652 | D:3      | Gained mutation: You have a pair of antennae on your head.
                  | [demonic ancestry]
  1652 | D:3      | Reached XP level 4. HP: 33/33 MP: 4/8
  1813 | D:3      | Killed a phantom
  1814 | D:3      | Reached XP level 5. HP: 14/39 MP: 9/9
  2005 | D:3      | Learned a level 4 spell: Animate Dead
  2060 | D:3      | Identified the +6 sling of Cowardice {flame, +Blink Fly rC-
                  | Stlth+}
  2113 | D:3      | Found an iron altar of Okawaru.
  2450 | D:4      | Noticed a phantom
  2468 | D:4      | Killed a phantom
  2469 | D:4      | Reached skill level 1 in Armour
  2469 | D:4      | Gained mutation: You are partially covered in yellow
                  | scales. (AC +2) [demonic ancestry]
  2469 | D:4      | Reached XP level 6. HP: 35/47 MP: 11/11
  2597 | D:4      | Reached skill level 6 in Necromancy
  2927 | D:4      | Learned a level 3 spell: Swiftness
  3256 | D:4      | Found a sparkling altar of Nemelex Xobeh.
  3256 | D:4      | Found a stormy altar of Qazlal.
  3256 | D:4      | Found a hazy altar of Hepliaklqana.
  3284 | D:5      | Entered Level 5 of the Dungeon
  3290 | D:5      | Reached XP level 7. HP: 52/52 MP: 13/13
  3307 | D:5      | Reached skill level 1 in Air Magic
  4696 | D:6      | Reached XP level 8. HP: 27/61 MP: 12/14
  4989 | D:6      | Found a snail-covered altar of Cheibriados.
  4991 | D:6      | Noticed Pikel
  5340 | D:6      | Killed Pikel
  5341 | D:6      | Reached skill level 5 in Fighting
  5341 | D:6      | Reached skill level 5 in Spellcasting
  5341 | D:6      | Reached skill level 7 in Necromancy
  5624 | D:6      | Reached XP level 9. HP: 63/68 MP: 17/17
  5634 | D:6      | Learned a level 5 spell: Agony
  5890 | D:7      | You are sucked into a shaft and drop 2 floors!
  5914 | D:9      | Reached skill level 8 in Necromancy
  6044 | D:7      | Noticed Maggie
  6099 | D:7      | Killed Maggie
  6233 | D:7      | Found a staircase to the Ecumenical Temple.
  6252 | Temple   | Entered the Ecumenical Temple
  6521 | Temple   | Became a worshipper of Kikubaaqudgha
  6579 | D:7      | Found a runed translucent door.
  6580 | D:7      | Noticed Crazy Yiuf
  6685 | D:7      | Killed Crazy Yiuf
  6958 | D:1      | Bought a book of Decay for 374 gold pieces
  6963 | D:1      | Learned a level 4 spell: Dispel Undead
  7075 | D:8      | Reached skill level 5 in Armour
  7309 | D:7      | Reached skill level 5 in Air Magic
  7309 | D:7      | Reached XP level 10. HP: 69/77 MP: 11/19
  7640 | D:8      | Found a blossoming altar of Fedhas.
  7640 | D:8      | Found a radiant altar of Vehumet.
  7662 | Abyss:1  | Cast into level 1 of the Abyss (gnoll sergeant)
  7697 | Abyss:1  | Found a hide-covered altar of Uskayaw.
  7737 | Abyss:1  | Noticed a starcursed mass
  7745 | Abyss:1  | Noticed a worldbinder
  7750 | Abyss:1  | Noticed a wolf spider
  7759 | Abyss:1  | Noticed a wolf spider
  7759 | Abyss:1  | Noticed a wolf spider
  7759 | Abyss:1  | Noticed a wolf spider
  7768 | Abyss:1  | Noticed an orb spider
  7768 | Abyss:1  | Noticed a glowing orange brain
  7770 | Abyss:1  | Noticed a worldbinder
  7776 | Abyss:1  | Noticed a wolf spider
  7776 | Abyss:1  | Noticed a wolf spider
  7776 | Abyss:1  | Noticed a wolf spider
  7783 | Abyss:1  | Annihilated by a quicksilver dragon simulacrum

Illustrated notes

Levels and vault maps discovered:
D:1:      dpeg_arrival_morbid_curiosity, layout_basic, serial_shops, shop,
          shapermc_ecumenical_altar_totnotflames
D:2:      layout_basic
D:3:      layout_rooms, kennysheep_okawaru_gauntlet,
          nicolae_overflow_hidden_temple, corexii_item_surrounded_by_moat,
          uniq_jessica
D:4:      layout_loops_ring, gammafunk_temple_overflow_claw, minmay_ruptured
D:5:      layout_loops_cross
D:6:      layout_basic, mainiacjoe_overflow_catwalk, minmay_misc_feat_enclosed,
          uniq_pikel
D:7:      layout_gridville, minmay_temple_entry_grid, kennysheep_generic_room_4,
          uniq_crazy_yiuf_cottage, uniq_maggie
D:8:      layout_basic, grunt_dithmenos_smoke_and_mirrors,
          chequers_temple_overflow_statue_of_worship
D:9:      layout_cave_pods, erik_lair_island
Temple:   compressed_dpeg_triangle_lava_temple
Abyss:1:  base: D:9, hangedman_abyss_sting

Skill      XL: |  1  2  3  4  5  6  7  8  9 |
---------------+----------------------------+-----
Stealth        | 2 |  2.0
Dodging        | 2 |  2.0
Fighting       | 1 2 3 4 5 6 |  6.8
Necromancy     | 5 6 7 8 |  8.8
Spellcasting   | 3 4 5 6 |  6.6
Armour         | 1 2 4 5 |  5.5
Air Magic      | 2 3 5 |  5.0

Action                   |  1- 3 |  4- 6 |  7- 9 | 10-12 || total
-------------------------+-------+-------+-------+-------++-------
Melee: Unarmed           |     1 |       |    17 |       ||    18
       Dagger            |     6 |    17 |    11 |       ||    34
       Sling             |       |       |    51 |     1 ||    52
 Fire: Sling             |       |    68 |   205 |    17 ||   290
 Cast: Necrotise         |    61 |    17 |    66 |     3 ||   147
       Vampiric Draining |       |     3 |    31 |     6 ||    40
       Animate Dead      |       |       |     3 |     1 ||     4
Evoke: Wand              |       |       |     2 |     1 ||     3
  Use: Scroll            |     3 |     1 |     9 |     4 ||    17
       Potion            |       |     1 |     3 |     2 ||     6
 Stab: Paralysed         |       |       |    13 |       ||    13
Armor: Robe              |     1 |     1 |       |       ||     2
       Leather armour    |       |    18 |   129 |       ||   147
       Swamp dragon scal |       |       |    18 |    37 ||    55
Dodge: Dodged            |    14 |    66 |   201 |    83 ||   364

Table legend: (Time is in decaauts)
 A = Elapsed time spent in this place.
 B = Non-inter-level travel time spent in this place.
 C = Inter-level travel time spent in this place.
 D = Time resting spent in this place.
 E = Time spent auto-exploring this place.
 F = Levels seen in this place.
 G = Mean time per level.
                   A        B        C        D        E       F      G
               +--------+--------+--------+--------+--------+-----+--------+
         Total |   7949 |   7220 |    729 |   1326 |   4073 |  11 |  722.6 |
       Dungeon |   7542 |   6848 |    694 |   1326 |   3785 |   9 |  838.0 |
        Temple |    285 |    250 |     35 |      0 |    239 |   1 |  285.0 |
         Abyss |    121 |    121 |      0 |      0 |     49 |   1 |  121.0 |
               +--------+--------+--------+--------+--------+-----+--------+

Top non-repeatable levels by time:
     D:6: 1440 daAuts
     D:4: 1124 daAuts
     D:7: 1111 daAuts
     D:5: 1060 daAuts
     D:1: 963 daAuts
     D:3: 794 daAuts
     D:2: 653 daAuts
     D:8: 308 daAuts
  Temple: 285 daAuts
 Abyss:1: 121 daAuts
     D:9: 86 daAuts
